 Dungeon Crawl Stone Soup version 0.27.0-1-g7a089689b8 (webtiles) character file.

Game seed: 4353964531538665958

4582 Acheron the Cleaver (level 10, -7/129 HPs)
             Began as a Minotaur Berserker on Aug 1, 2021.
             Was an Elder of Trog.
             Killed by mirror damage (17 damage)
             ... on level 9 of the Dungeon.
             The game lasted 00:45:23 (8249 turns).

Acheron the Cleaver (Minotaur Berserker)            Turns: 8249, Time: 00:45:23

Health: -7/129     AC: 17    Str: 22    XL:     10   Next: 18%
Magic:  9/9        EV:  8    Int:  6    God:    Trog [****..]
Gold:   191        SH:  0    Dex: 11    Spells: 9/9 levels left

rFire    . . .     SeeInvis .   w - +0 war axe
rCold    . . .     Faith    .   (no shield)
rNeg     . . .     Spirit   .   h - +0 plate armour
rPois    .         Reflect  .   (helmet restricted)
rElec    .         Harm     .   o - +1 cloak
rCorr    .         Rampage  .   f - +0 pair of gloves
Will     ++...                  (no boots)
Stlth    ..........             (no amulet)
HPRegen  1.31/turn              (no ring)
MPRegen  0.11/turn              (no ring)

@: berserking, strong-willed, regenerating, slowed, studying Axes
A: horns 2, retaliatory headbutt
a: Renounce Religion, Berserk, Trog's Hand, Brothers in Arms


You were on level 9 of the Dungeon.
You worshipped Trog.
Trog was greatly pleased with you.
You visited 2 branches of the dungeon, and saw 11 of its levels.

You collected 495 gold pieces.
You spent 304 gold pieces at shops.

Inventory:

Hand Weapons
 a - a +2 dagger of venom
 q - a +3 vorpal hunting sling
 v - a +2 trident of flaming
 w - a +0 war axe (weapon)
 B - a +1 vorpal flail
Missiles
 k - 63 sling bullets
 m - 2 boomerangs of dispersal
 n - 28 poisoned darts (quivered)
 p - 5 javelins
 x - a throwing net
Armour
 e - +0 steam dragon scales
 f - a +0 pair of gloves (worn)
 h - a +0 plate armour (worn)
 l - a +0 kite shield
 o - a +1 cloak (worn)
Jewellery
 r - a ring of ice
Wands
 g - a wand of flame (25)
 j - a wand of digging (3)
Scrolls
 c - 3 scrolls of teleportation
 i - 7 scrolls of identify
 s - 3 scrolls of vulnerability
 u - 2 scrolls of enchant armour
 y - a scroll of fog
 z - a scroll of fear
 A - a scroll of magic mapping
Potions
 b - a potion of magic
 d - a potion of ambrosia
 t - a potion of invisibility
 C - a potion of heal wounds


   Skills:
 + Level 7.5 Fighting
 * Level 11.0(11.5) Axes
 - Level 5.4(9.0) Polearms
 + Level 1.7 Throwing
 + Level 7.7 Armour
 + Level 5.2 Dodging
 + Level 4.0 Stealth
 * Level 4.1 Shields
 * Level 4.7 Evocations


You had 9 spell levels left.
You didn't know any spells.
Your spell library was empty.

Dungeon Overview and Level Annotations

Branches:
Dungeon (10/15)            Temple (1/1) D:7
   Lair: D:8-11         Orc: D:9-12

Altars:
Ashenzari
Cheibriados
Dithmenos
Elyvilon
Fedhas
Gozag
Hepliaklqana
Kikubaaqudgha
Makhleb
Nemelex Xobeh
Okawaru
Qazlal
Ru
Sif Muna
Trog
Uskayaw
Vehumet
Wu Jian
Xom
Yredelemnul
Zin
The Shining One

Shops:
D:5 =   D:9 ?

Annotations:
D:4 exclusion: downstairs
D:5 exclusion: downstairs
D:6 exclusion: downstairs
D:9 Gastronok


Innate Abilities, Weirdness & Mutations

You have a pair of horns on your head.
You reflexively headbutt those who attack you in melee.


Message History

You hit the wraith.
You headbutt the wraith, but do no damage.
The wraith is heavily damaged.
The wraith hits you but does no damage.
You hit the wraith but do no damage. You headbutt the wraith!
The wraith is almost destroyed.
The wraith hits you. The wraith drains your vigour!
You feel as though you will be slow longer.
You slash the wraith!
You destroy the wraith!
Trog accepts your kill.
Your Axes skill increases to level 11!
Your skin crawls.
You feel strong-willed.
The death knight hits you with a +0 broad axe!!
The death knight hits you with a +0 broad axe!
You hit the death knight. Your headbutt misses the death knight.
The death knight is lightly wounded.
The death knight hits you but does no damage.
You hit the death knight.
The death knight is lightly wounded.
The death knight barely misses you.
The death knight hits you with a +0 broad axe!!
* * * LOW HITPOINT WARNING * * *
You closely miss the death knight. Your headbutt misses the death knight.
The death knight is lightly wounded.
The death knight offers itself to Yredelemnul, and fills with unholy energy.
A red film seems to cover your vision as you go berserk!
You feel yourself moving faster!
You feel mighty! The death knight barely misses you. You furiously retaliate!
You headbutt the death knight!
The death knight reflects your damage back at you!
* * * LOW HITPOINT WARNING * * *
The death knight hits you with a +0 broad axe!
* * * LOW HITPOINT WARNING * * *
You are too berserk!
You slash the death knight! You headbutt the death knight!
The death knight is heavily wounded.
The death knight reflects your damage back at you!
You die...

# #.........# #..#####.#
.. ..#.......# #..# #.#
.# .#######..# #..# #.#
##. . ##.###..#####.#
#.. .. #..##..#.....# ##
...#########.##..#.#####
..........##.##..#.#
..........##.##..#.# .#
..........'p@[...#.# ##
###.......###†#.##.#
#.......# #...##.#
..?.......#
##..##.##########
....#######
#..##..........# ....
#..##########.## ..>
#.>†.....# #.# ?.
########.# #.#
##############.####.##


You could see a death knight (reflects damage).

Vanquished Creatures
  A manticore (D:7)
  A gargoyle (D:7)
  A troll (D:7)
  A hornet (D:7)
  A wraith (D:9)
  A wyvern (D:8)
  A basilisk (D:9)
  3 yaks (D:9)
  2 steam dragons
  2 water moccasins
  A black bear (D:4)
  2 orc warriors (D:7)
  A sky beast (D:8)
  2 centaurs
  A kobold brigand (D:8)
  2 gnoll sergeants
  A scorpion (D:6)
  A water moccasin skeleton (D:6)
  9 killer bees
  An electric eel (D:9)
  4 wights (D:7)
  2 howler monkeys
  A centaur zombie (D:9)
  2 jellies
  2 centaur skeletons
  An orc priest (D:6)
  A bullfrog skeleton (D:5)
  Crazy Yiuf (D:2)
  7 orc wizards
  A hound skeleton (D:5)
  A howler monkey zombie (D:8)
  9 gnolls
  5 adders
  2 white imps
  3 ufetubi
  An adder skeleton (D:4)
  A worm (D:3)
  A dart slug (D:2)
  9 orcs
  3 ball pythons
  5 bats
  6 endoplasms
  2 giant cockroaches
  3 goblins
  8 hobgoblins
  6 jackals
  16 kobolds
  4 quokkas
  5 frilled lizards
  9 rats
156 creatures vanquished.

Vanquished Creatures (others)
  3 fungi
  8 plants (D:3)
11 creatures vanquished.

Grand Total: 167 creatures vanquished

Notes
Turn   | Place    | Note
-------+----------+-------------------------------------------
     0 | D:1      | Acheron the Minotaur Berserker began the quest for the Orb.
     0 | D:1      | Reached XP level 1. HP: 19/19 MP: 0/0
   318 | D:2      | Reached XP level 2. HP: 25/27 MP: 1/1
   465 | D:1      | Found a faded altar of an unknown god.
   554 | D:1      | Reached skill level 4 in Axes
   872 | D:1      | Reached XP level 3. HP: 31/33 MP: 2/2
   877 | D:1      | Reached ** piety under Trog
  1199 | D:2      | Reached skill level 1 in Stealth
  1565 | D:2      | Found a runed translucent door.
  1566 | D:2      | Noticed Crazy Yiuf
  1577 | D:2      | Killed Crazy Yiuf
  1578 | D:2      | Reached XP level 4. HP: 28/41 MP: 3/3
  1760 | D:4      | Noticed a black bear
  1770 | D:4      | Killed a black bear
  1771 | D:4      | Reached skill level 5 in Axes
  1771 | D:4      | Reached XP level 5. HP: 47/47 MP: 4/4
  1780 | D:5      | Entered Level 5 of the Dungeon
  3185 | D:5      | Identified a scroll of acquirement
  3185 | D:5      | Acquired a manual of Axes
  3258 | D:6      | Reached XP level 6. HP: 29/53 MP: 5/5
  3572 | D:6      | Noticed a steam dragon
  3600 | D:6      | Killed a steam dragon
  3601 | D:6      | Reached skill level 6 in Axes
  3601 | D:6      | Reached skill level 1 in Evocations
  3867 | D:6      | Noticed a troll
  3946 | D:5      | Reached XP level 7. HP: 60/60 MP: 6/6
  3970 | D:5      | Found Ushuvum's Jewellery Shop.
  3997 | D:5      | Reached skill level 5 in Fighting
  4160 | D:6      | Reached skill level 7 in Axes
  4160 | D:6      | Reached skill level 5 in Armour
  4537 | D:7      | Noticed a manticore
  4551 | D:7      | Killed a manticore
  4552 | D:7      | Reached skill level 8 in Axes
  4552 | D:7      | Reached skill level 5 in Dodging
  4552 | D:7      | Reached XP level 8. HP: 19/70 MP: 7/7
  4780 | D:7      | Reached skill level 9 in Axes
  5044 | D:6      | Reached *** piety under Trog
  5439 | D:7      | Reached skill level 1 in Polearms
  5466 | D:7      | Killed a troll
  5467 | D:7      | Reached skill level 1 in Shields
  5780 | D:7      | Reached XP level 9. HP: 51/75 MP: 8/8
  6172 | D:7      | Noticed a gargoyle
  6259 | D:7      | Found a staircase to the Ecumenical Temple.
  6269 | Temple   | Entered the Ecumenical Temple
  6405 | D:7      | Killed a gargoyle
  6406 | D:7      | Reached skill level 10 in Axes
  6406 | D:7      | Reached skill level 1 in Throwing
  6775 | D:9      | Noticed a cyan ugly thing
  6775 | D:9      | Noticed a cyan ugly thing
  6999 | D:9      | Found Zyurrifa's Magic Scroll Boutique.
  7013 | D:9      | Bought a scroll of fog for 26 gold pieces
  7013 | D:9      | Bought a scroll of teleportation for 39 gold pieces
  7013 | D:9      | Bought a scroll of fear for 45 gold pieces
  7014 | D:9      | Bought a scroll of identify for 26 gold pieces
  7014 | D:9      | Bought a scroll of magic mapping for 45 gold pieces
  7014 | D:9      | Bought a scroll of identify for 26 gold pieces
  7014 | D:9      | Bought a scroll of blinking for 97 gold pieces
  7018 | D:9      | Noticed Gastronok
  7033 | D:9      | Noticed a manticore
  7090 | D:7      | Reached skill level 5 in Polearms
  7538 | D:8      | Found a shimmering altar of Xom.
  7987 | D:9      | Reached **** piety under Trog
  8090 | D:10     | Entered Level 10 of the Dungeon
  8160 | D:9      | Reached XP level 10. HP: 79/86 MP: 9/9
  8224 | D:9      | Noticed a death knight
  8244 | D:9      | Reached skill level 11 in Axes
  8249 | D:9      | Killed by mirror damage

Illustrated notes

Levels and vault maps discovered:
D:1:      elethiomel_arrival_shortcut, layout_loops_ring,
          ebering_ecumenical_altar_rust, serial_park_tiny_1,
          chequers_serial_rivers_micro_d, amethyst_killhole
D:2:      layout_rooms, uniq_crazy_yiuf_cottage
D:3:      wad_lake_hut, layout_basic
D:4:      minmay_chambers_of_twos, layout_layer_cave
D:5:      layout_cave_pools, serial_shops, shop_coins, serial_glass,
          glass_columns_b, glass_columns_b
D:6:      layout_gridville
D:7:      layout_rooms, minmay_temple_entry_trees
D:8:      layout_cave_pools, nicolae_overflow_crystal_walls,
          hangedman_decor_points
D:9:      minmay_curly_fans, layout_basic, serial_shops, nicolae_shop_trees,
          fungi_pond_lemuel, minmay_fractal_squares_gapless_7, uniq_gastronok
D:10:     layout_roguey, uniq_fannar, uniq_nergalle, uniq_psyche, uniq_josephine
Temple:   compressed_dpeg_circular_temple

Skill      XL: |  1  2  3  4  5  6  7  8  9 10 |
---------------+-------------------------------+-----
Axes           | 4 5 6 8 9 10 11 | 11.0
Fighting       | 4 5 6 7 |  7.5
Stealth        | 1 2 3 4 |  4.0
Armour         | 3 4 5 6 7 |  7.7
Dodging        | 3 4 5 |  5.2
Evocations     | 1 2 3 4 |  4.7
Polearms       | 3 5 |  5.4
Shields        | 1 3 4 |  4.1
Throwing       | 1 |  1.7

Action                   |  1- 3 |  4- 6 |  7- 9 | 10-12 || total
-------------------------+-------+-------+-------+-------++-------
Melee: Hand axe          |   105 |    91 |    48 |       ||   244
       Headbutt          |    12 |    12 |    52 |     9 ||    85
       Dagger            |       |     6 |       |       ||     6
       Trident           |       |       |   136 |       ||   136
       War axe           |       |       |    41 |    32 ||    73
Throw: Dart              |       |       |    14 |       ||    14
       Boomerang         |       |       |     1 |       ||     1
Invok: Berserk           |     1 |     2 |    12 |     1 ||    16
       Trog's Hand       |     1 |       |     1 |     2 ||     4
Evoke: Wand              |       |       |     3 |       ||     3
  Use: Scroll            |       |     5 |    12 |       ||    17
       Potion            |       |     3 |     1 |       ||     4
Armor: Animal skin       |     5 |       |       |       ||     5
       Plate armour      |    57 |   116 |   151 |    18 ||   342
       Skin              |       |    85 |       |       ||    85
Dodge: Dodged            |    49 |    40 |   111 |    12 ||   212
